 Dungeon Crawl Stone Soup version 0.19.5 (webtiles) character file.

38269 JeffiDaFish the Basher (level 14, -6/88 HPs)
             Began as a Gargoyle Fighter on Nov 13, 2017.
             Was a High Priest of Okawaru.
             Mangled by a guardian serpent (9 damage)
             ... on level 6 of the Lair of Beasts on Nov 15, 2017.
             The game lasted 00:48:23 (16511 turns).

JeffiDaFish the Basher (Gargoyle Fighter)          Turns: 16511, Time: 00:48:24

Health: -6/88      AC: 33    Str: 21    XL:     14   Next: 1%
Magic:  16/16      EV:  8    Int: 13    God:    Okawaru [*****.]
Gold:   984        SH: 15    Dex: 13    Spells: 0 memorised, 13 levels left

rFire  . . .     SeeInvis +     l - +1 morningstar (drain)
rCold  . . .     Gourm    .     m - +0 plate armour
rNeg   + . .     Faith    .     c - +0 shield
rPois  ∞         Spirit   .     n - +2 helmet "Segruy" {Int+4}
rElec  +         Reflect  +     B - +2 cloak {rPois}
rCorr  .         Harm     .     a - +1 pair of gloves
MR     ++...                    (no boots)
Stlth  ..........               b - +2 amulet of reflection
                                E - ring of protection from magic
                                j - ring of see invisible

@: very slightly contaminated
A: big wings, negative energy resistance 1, screaming 1, electricity resistance,
slow regeneration 1, unbreathing, petrification resistance, rot immunity, AC +9
a: Fly, Heroism, Finesse, Renounce Religion


You were on level 6 of the Lair of Beasts.
You worshipped Okawaru.
Okawaru was extremely pleased with you.
You were not hungry.

You visited 3 branches of the dungeon, and saw 15 of its levels.

You collected 984 gold pieces.

Inventory:

Hand Weapons
 l - a +1 morningstar of draining (weapon)
Armour
 a - a +1 pair of gloves (worn)
 c - a +0 shield (worn)
 m - a +0 plate armour (worn)
 n - the +2 helmet "Segruy" (worn) {Int+4}
   (You found it on level 6 of the Dungeon)

   It affects your intelligence (+4).
 B - a +2 cloak of poison resistance (worn)
Jewellery
 b - a +2 amulet of reflection (around neck)
 j - a ring of see invisible (left hand)
 E - a ring of protection from magic (right hand)
Wands
 C - a wand of lightning (6/15)
 D - a wand of confusion (16/48)
Scrolls
 h - 8 scrolls of remove curse
 i - 4 scrolls of teleportation
 k - 2 scrolls of magic mapping
 o - 9 scrolls of identify
 y - 2 scrolls of amnesia
Potions
 e - 2 potions of brilliance
 w - a potion of haste
 x - a potion of flight
 A - a potion of agility
Books
 p - a book of Cantrips

   Spells                             Type                      Level
   a - Confusing Touch                Hexes                        1
   b - Animate Skeleton               Necromancy                   1
   c - Summon Small Mammal            Summoning                    1
   d - Apportation                    Translocation                1
 q - a book of Conjurations

   Spells                             Type                      Level
   a - Magic Dart                     Conjuration                  1
   b - Searing Ray                    Conjuration                  2
   c - Dazzling Spray                 Conjuration/Hexes            3
   d - Fulminant Prism                Conjuration/Hexes            4
   e - Iskenderun's Mystic Blast      Conjuration                  4
   f - Iskenderun's Battlesphere      Conjuration/Charms           5
 s - a book of Callings

   Spells                             Type                      Level
   a - Summon Small Mammal            Summoning                    1
   b - Call Imp                       Summoning                    2
   c - Call Canine Familiar           Summoning                    3
   d - Summon Guardian Golem          Hexes/Summoning              3
   e - Summon Lightning Spire         Summoning/Air                4
   f - Summon Ice Beast               Ice/Summoning                4
Comestibles
 d - 16 chunks of flesh
 f - 11 bread rations
 g - 7 fruits
 r - 10 royal jellies
 t - 4 meat rations
 u - 3 beef jerkies
 v - 9 slices of pizza


   Skills:
 * Level 10.6 Fighting
 * Level 14.0 Maces & Flails
 * Level 10.6 Armour
 + Level 3.7 Dodging
 - Level 1.3 Stealth
 * Level 13.8 Shields
 + Level 3.2 Invocations


You had 13 spell levels left.
You didn't know any spells.

Dungeon Overview and Level Annotations

Branches:
Dungeon (8/15)             Temple (1/1) D:7            Lair (6/6) D:8
  Swamp (0/4) Lair:2       Spider (0/4) Lair:3        Slime (0/5) Lair:5

Altars:
Ashenzari
Fedhas
Gozag
Kikubaaqudgha
Makhleb
Nemelex Xobeh
Okawaru
Ru
Sif Muna
Trog
Vehumet
Xom
Yredelemnul
Zin
The Shining One
Jiyva

Shops:
D:5 }

Annotations:
Lair:5 1 runed door, exclusion: oklob plant


Innate Abilities, Weirdness & Mutations

You are resistant to torment.
Your stone body is resilient. (AC +9)
You are immune to poison.
Your large and strong wings let you fly indefinitely.
You resist negative energy. (rN+)
You are resistant to electric shocks. (rElec)
You can survive without breathing.
You are immune to petrification.
You are immune to rotting.
You occasionally shout uncontrollably at your foes.
You regenerate slowly when monsters are visible.


Message History

The hound barks!
The black bear growls angrily.
You block the wolf's attack. You block the black bear's attack.
The black bear misses you.
The black bear claws you but does no damage.
The hound closely misses you.
Some of the chunks of flesh in your inventory have rotted away.
The wolf misses you.
Your surroundings suddenly seem different.
A guardian serpent comes into view.
The guardian serpent shouts!
A spiny frog comes into view.
The spiny frog croaks.
The guardian serpent coils itself and waves its upper body at you.
You resist with almost no effort.
Found six items.
You block the guardian serpent's attack.
The guardian serpent coils itself and waves its upper body at you.
You resist with almost no effort.
You barely miss the guardian serpent. The guardian serpent hits you!
You die...

##....#
....#....
##.††#
...##...#
##.†.#
#...## ##..#
##..##. #.?#
#).##.. ##
#.# #..#...
##.### ..
##.....
#?$S.### ..
#(..##
#($@..# ...
#.###.
#??=.......P
### .
#(=F........
.
#.$...####..
. #.$..### .
##.### ##


You could see a guardian serpent and a spiny frog.

Vanquished Creatures
  Rupert (Lair:3)
  A fire dragon (Lair:5)
  4 hydras
  4 death yaks (Lair:4)
  Pikel (D:6)
  2 wolf spiders
  A manticore (D:8)
  8 black mambas
  14 spiny frogs
  9 komodo dragons
  3 rime drakes
  A jumping spider (Lair:3)
  3 polar bears
  3 hornets (Lair:6)
  Prince Ribbit (D:8)
  A queen bee (Lair:1)
  6 hippogriffs
  9 blink frogs
  A redback (Lair:3)
  4 hogs (D:7)
  5 wyverns
  A human (D:7)
  2 basilisks
  22 yaks
  Menkaure (D:6)
  Edmund (D:5)
  3 insubstantial wisps (Lair:2)
  14 water moccasins
  5 porcupines
  An orc warrior (D:8)
  A phantom (D:4)
  A necrophage (D:8)
  2 sky beasts (D:8)
  6 ogres
  10 wolves
  16 crocodiles
  5 centaurs
  5 bullfrogs
  2 scorpions
  34 killer bees
  12 wights (D:8)
  3 howler monkeys
  2 jellies
  4 hounds
  2 centaur skeletons
  An orc priest (D:6)
  7 worker ants
  Ijyb (D:2)
  2 iguanas
  8 orc wizards
  A centaur simulacrum (D:8)
  A hound zombie (D:6)
  2 hound skeletons (D:7)
  A worker ant zombie (D:6)
  8 gnolls
  A howler monkey skeleton (D:4)
  10 adders
  A river rat (D:8)
  5 white imps (D:8)
  A worker ant simulacrum (D:8)
  2 ufetubi (D:8)
  2 oozes
  An adder zombie (D:6)
  4 worms (D:2)
  4 dart slugs
  5 leopard geckos
  27 orcs
  3 giant cockroaches
  11 goblins
  7 hobgoblins
  9 jackals
  5 kobolds
  5 quokkas
  A ball python (D:1)
  15 bats
  5 frilled lizards
  2 quokka skeletons (D:8)
  13 rats
  A plant (Lair:5)
409 creatures vanquished.

Vanquished Creatures (others)
  3 centaurs
  A leopard gecko (D:6)
  An orc (D:6)
  9 fungi
  6 plants
20 creatures vanquished.

Grand Total: 429 creatures vanquished

Notes
Turn   | Place    | Note
-------+----------+-------------------------------------------
     0 | D:1      | JeffiDaFish the Gargoyle Fighter began the quest for the Orb.
     0 | D:1      | Reached XP level 1. HP: 14/14 MP: 1/1
   242 | D:1      | Reached XP level 2. HP: 16/19 MP: 2/2
   995 | D:1      | Reached XP level 3. HP: 19/24 MP: 3/3
  1316 | D:2      | Noticed Ijyb
  1331 | D:2      | Killed Ijyb
  1331 | D:2      | Reached skill level 3 in Maces & Flails
  1331 | D:2      | Reached XP level 4. HP: 26/29 MP: 4/4
  1819 | D:2      | Reached skill level 1 in Dodging
  2035 | D:2      | Reached XP level 5. HP: 27/33 MP: 5/5
  2407 | D:3      | Found a blossoming altar of Fedhas.
  3094 | D:4      | Reached skill level 4 in Maces & Flails
  3094 | D:4      | Reached XP level 6. HP: 32/38 MP: 6/6
  4341 | D:5      | Entered Level 5 of the Dungeon
  4342 | D:5      | Noticed a phantom
  4404 | D:4      | Killed a phantom
  4404 | D:4      | Reached skill level 5 in Shields
  4404 | D:4      | Reached XP level 7. HP: 32/44 MP: 7/7
  4498 | D:5      | Noticed Edmund
  4505 | D:5      | Reached skill level 5 in Maces & Flails
  4527 | D:5      | Killed Edmund
  4615 | D:5      | Found Puluxidd's Gadget Boutique.
  4651 | D:5      | Reached skill level 5 in Armour
  4689 | D:5      | Reached skill level 6 in Maces & Flails
  4689 | D:5      | Reached XP level 8. HP: 36/48 MP: 8/8
  5148 | D:5      | Reached skill level 5 in Fighting
  5432 | D:6      | Noticed Pikel
  5457 | D:6      | Killed Pikel
  5598 | D:6      | Got a brightly glowing helmet
  5609 | D:6      | Identified the +2 helmet "Segruy" {Int+4} (You found it on level 6 of the Dungeon)
  5662 | D:6      | Reached skill level 7 in Maces & Flails
  5732 | D:6      | Reached XP level 9. HP: 46/55 MP: 9/9
  5873 | D:6      | Noticed Menkaure
  5906 | D:6      | Killed Menkaure
  6169 | D:7      | Found a staircase to the Ecumenical Temple.
  6177 | Temple   | Entered the Ecumenical Temple
  6275 | Temple   | Became a worshipper of Warmaster Okawaru
  6440 | D:7      | Reached skill level 8 in Maces & Flails
  6482 | D:7      | Reached * piety under Okawaru
  6877 | D:7      | Reached ** piety under Okawaru
  7112 | D:7      | Reached skill level 1 in Stealth
  7219 | D:7      | Reached XP level 10. HP: 51/61 MP: 10/10
  7641 | D:7      | Reached skill level 9 in Maces & Flails
  7841 | D:8      | Noticed a manticore
  7863 | D:8      | Killed a manticore
  8175 | D:8      | Reached *** piety under Okawaru
  8274 | D:8      | Noticed Prince Ribbit
  8330 | D:8      | Killed Prince Ribbit
  8627 | D:8      | Reached skill level 10 in Shields
  8640 | D:8      | Reached **** piety under Okawaru
  8692 | D:8      | Reached skill level 10 in Maces & Flails
  8782 | D:8      | Found a staircase to the Lair.
  8818 | D:8      | Found a sparkling altar of Nemelex Xobeh.
  9035 | Lair:1   | Entered Level 1 of the Lair of Beasts
  9052 | Lair:1   | Reached XP level 11. HP: 63/67 MP: 11/11
  9124 | Lair:1   | Received a gift from Okawaru
  9599 | Lair:1   | Reached ***** piety under Okawaru
 10039 | Lair:2   | Reached skill level 11 in Maces & Flails
 10096 | Lair:2   | Received a gift from Okawaru
 10455 | Lair:2   | Noticed a four-headed hydra
 10474 | Lair:2   | Killed a four-headed hydra
 11153 | Lair:2   | Reached XP level 12. HP: 61/75 MP: 12/12
 11176 | Lair:2   | Found a staircase to the Swamp.
 11649 | Lair:3   | Gained mutation: You occasionally shout uncontrollably at your foes. [potion of mutation]
 11649 | Lair:3   | Gained mutation: You regenerate slowly when monsters are visible. [potion of mutation]
 11658 | Lair:3   | Noticed a seven-headed hydra
 11670 | Lair:3   | Killed a seven-headed hydra
 11670 | Lair:3   | Reached skill level 12 in Maces & Flails
 12250 | Lair:3   | Received a gift from Okawaru
 12515 | Lair:3   | Found a hole to the Spider Nest.
 13217 | Lair:4   | Reached skill level 13 in Maces & Flails
 13357 | Lair:4   | Reached ****** piety under Okawaru
 13361 | Lair:4   | Received a gift from Okawaru
 13640 | Lair:5   | Noticed a death yak
 13640 | Lair:5   | Noticed a death yak
 13640 | Lair:5   | Noticed a death yak
 13643 | Lair:5   | Noticed a death yak
 13662 | Lair:5   | Noticed Rupert
 13682 | Lair:4   | Killed a death yak
 13682 | Lair:4   | Reached XP level 13. HP: 54/80 MP: 13/13
 13907 | Lair:4   | Reached skill level 1 in Invocations
 13912 | Lair:4   | HP: 3/81 [Rupert/great mace of crushing (2)]
 14253 | Lair:4   | Paralysed by Rupert for 3 turns
 14286 | Lair:3   | Killed Rupert
 14858 | Lair:5   | Reached skill level 10 in Fighting
 14870 | Lair:5   | Reached skill level 10 in Armour
 15040 | Lair:5   | Found a runed door.
 15041 | Lair:5   | Found a viscous altar of Jiyva.
 15042 | Lair:5   | Noticed an acid blob
 15042 | Lair:5   | Noticed an acid blob
 15043 | Lair:5   | Found a staircase to the Slime Pits.
 15043 | Lair:5   | Noticed an acid blob
 15236 | Lair:5   | Noticed a fire dragon
 15266 | Lair:5   | Killed a fire dragon
 15858 | Lair:6   | Entered Level 6 of the Lair of Beasts
 16210 | Lair:6   | Received a gift from Okawaru
 16405 | Lair:6   | Reached skill level 14 in Maces & Flails
 16485 | Lair:6   | Gained mutation: Your large and strong wings let you fly indefinitely. [Gargoyle growth]
 16485 | Lair:6   | Reached XP level 14. HP: 13/88 MP: 16/16
 16489 | Lair:6   | HP: 1/88 [spiny frog (12)]
 16511 | Lair:6   | Mangled by a guardian serpent

Skill      XL: |  1  2  3  4  5  6  7  8  9 10 11 12 13 |
---------------+----------------------------------------+-----
Maces & Flails | 3 4 6 7 8 10 11 13 14 | 14.0
Shields        | 4 5 6 8 10 11 13 | 13.8
Dodging        | 1 2 3 |  3.7
Armour         | 4 5 6 7 8 9 10 | 10.6
Fighting       | 4 5 6 7 8 9 10 | 10.6
Stealth        | 1 |  1.3
Invocations    | 3 |  3.2

Action                   |  1- 3 |  4- 6 |  7- 9 | 10-12 | 13-15 || total
-------------------------+-------+-------+-------+-------+-------++-------
Melee: Flail             |   142 |   112 |       |       |       ||   254
       Morningstar       |       |   168 |   373 |  1345 |   489 ||  2375
Invok: Finesse           |       |       |       |       |     4 ||     4
       Heroism           |       |       |       |       |     1 ||     1
Evoke: Wand              |       |       |       |       |     3 ||     3
  Use: Scroll            |     2 |     4 |     2 |     7 |     6 ||    21
       Potion            |     2 |     2 |     3 |     8 |     4 ||    19
 Stab: Confused          |       |       |       |       |     1 ||     1
  Eat: Chunk             |     2 |     9 |    11 |    21 |     8 ||    51
       Royal jelly       |       |       |       |     1 |     1 ||     2
Armor: Scale mail        |   102 |    95 |       |       |       ||   197
       Plate armour      |       |    52 |   273 |   854 |   305 ||  1484
Dodge: Dodged            |    39 |    60 |    79 |   342 |   101 ||   621
Block: Shield            |    90 |   137 |   268 |  1098 |   369 ||  1962
       Reflection        |       |       |     5 |     8 |     1 ||    14
